 Dungeon Crawl Stone Soup version 0.32-a0-768-g0f6f1dd4b9 (webtiles) character file.

Game seed: 8224686396217362524

777 Goblin1989 the Ruffian (level 7, -15/48 HPs)
             Began as a Demonspawn Shapeshifter on Mar 18, 2024.
             Was a Believer of Makhleb.
             Demolished by an orc warrior
             ... wielding a +0 flail
              (17 damage)
             ... on level 5 of the Dungeon.
             The game lasted 00:06:04 (4259 turns).

Goblin1989 the Ruffian (Demonspawn Shapeshifter)    Turns: 4259, Time: 00:06:05

Health: -15/48     AC:  2    Str: 16    XL:     7   Next: 54%
Magic:  7/7        EV: 11    Int: 10    God:    Makhleb [**....]
Gold:   586        SH:  0    Dex: 13    Spells: 6/6 levels left

rFire   . .          .
                       - Unarmed
rCold   . . .        (no shield)
rNeg    . . .        a - +0 animal skin
rPois   .            (helmet currently unavailable)
rElec   .            (cloak currently unavailable)
rCorr   .            (gloves currently unavailable)
SInv    .            (boots currently unavailable)
Will    .....        (no amulet)
Stlth   +            (no ring)
HPRegen 0.28/turn    (no ring)
MPRegen 0.10/turn

%: no passive effects
@: lethally poisoned (-15 -> -19), beast-form
A: beast (slay +3), hooves 1, ignite blood 1, demonic magic 1
a: Begin Untransformation, Renounce Religion, Minor Destruction


You were on level 5 of the Dungeon.
You worshipped Makhleb.
Makhleb was pleased with you.
You were a hulking beast.
You visited 1 branch of the dungeon, and saw 5 of its levels.

You collected 586 gold pieces.

Inventory:

Missiles
 q - a throwing net (quivered) {!d , @Q1}
Armour
 a - a +0 animal skin (worn)
Jewellery
 j - a ring of poison resistance
 m - a ring of fire
 y - a ring of resist corrosion
Talismans
 c - a beast talisman (active)
 d - a flux talisman
Scrolls
 f - 2 scrolls of teleportation {unknown}
 k - a scroll of revelation {unknown}
 l - a scroll of poison {unknown}
 o - a scroll of fog {unknown}
 v - a scroll of torment {unknown}
 x - 3 scrolls of brand weapon {unknown}
Potions
 b - 3 potions of lignification
 g - a potion of enlightenment
 h - 3 potions of mutation {unknown}
 i - a potion of curing {unknown}
 n - a potion of heal wounds {@q2}
 p - a potion of brilliance {unknown}
 r - a potion of attraction {unknown}
 s - a potion of berserk rage {unknown}
 t - 2 potions of degeneration {unknown}
 u - a potion of cancellation {unknown}
 w - 2 potions of resistance {unknown}


   Skills:
 - Level 1.0 Fighting
 - Level 1.7 Dodging
 + Level 6.1 Unarmed Combat
 + Level 5.6 Shapeshifting


You had 6 spell levels left.
You didn't know any spells.
Your spell library contained the following spells:

 Spells                   Type           Power      Damage    Failure   Level
 Necrotise                Necr           0%         1d4       36%         1
 Call Canine Familiar     Summ           0%         N/A       75%         3
 Sigil of Binding         Hex            0%         N/A       75%         3
 Summon Ice Beast         Ice/Summ       0%         N/A       75%         3
 Vampiric Draining        Necr           0%         2d6       75%         3
 Dimensional Bullseye     Hex/Tloc       0%         N/A       98%         4
 Martyr's Knell           Necr/Summ      0%         N/A       98%         4
 Curse of Agony           Necr           0%         N/A       100%        5
 Summon Mana Viper        Hex/Summ       0%         N/A       100%        5
 Monstrous Menagerie      Summ           0%         N/A       100%        7


Dungeon Overview and Level Annotations

Branches:
Dungeon (5/15) Zot: 25766
 Temple: D:4-7

Altars:
Hepliaklqana
Makhleb
Vehumet

Shops:
D:1 ?


Innate Abilities, Weirdness & Mutations

You are a hulking beast.
Your limbs bulge with bestial killing power. (Slay +3)
You have large cloven feet.
Your demonic aura sometimes causes spilled blood to erupt in flames.
Spells you cast may paralyse adjacent enemies.


Message History

The ufetubus shouts!
You hear a shout!
You closely miss the ufetubus. Your kick misses the ufetubus.
The ufetubus barely misses you. x2
You hit the ufetubus.
The ufetubus is heavily wounded.
The ufetubus slips past you! The ufetubus misses you. The ufetubus hits you.
You take 4 damage, and have 39/48 hp.
You barely miss the ufetubus. Your kick misses the ufetubus.
The ufetubus is heavily wounded.
The ufetubus barely misses you. The ufetubus hits you. x2
The ufetubus barely misses you.
You take 6 damage, and have 33/48 hp.
You punch the ufetubus!
You kill the ufetubus!
Makhleb accepts your kill.
You feel better.
No target in view!
No target in view!
No target in view!
No target in view!
No target in view!
No target in view!
No target in view!
No target in view!
No target in view!
No target in view!
No target in view!
No target in view!
No target in view!
No target in view!
No target in view!
No target in view!
An orc comes into view. It is wielding a +0 whip.
An orc is nearby!
An orc is nearby!
An orc is nearby!
The orc misses you.
You punch the orc!
You kill the orc!
Makhleb accepts your kill.
You feel better.
No target in view!
No target in view!
No target in view!
No target in view!
No target in view!
No target in view!
No target in view!
No target in view!
No target in view!
No target in view!
No target in view!
No target in view!
No target in view!
No target in view!
No target in view!
No target in view!
An orc warrior comes into view. It is wielding a +0 flail.
An orc warrior is nearby!
An orc warrior is nearby!
An orc warrior is nearby!
A scorpion comes into view.
Things that are here:
175 gold pieces; a +0 whip The orc warrior shouts!
There is an open door here.
You hit the orc warrior. Your kick misses the orc warrior.
The orc warrior is lightly wounded.
The orc warrior hits you with a +0 flail!
You take 7 damage, and have 30/48 hp.
You hit the orc warrior but do no damage.
You kick the orc warrior, but do no damage.
The orc warrior is lightly wounded.
The scorpion misses you. The orc warrior barely misses you.
The scorpion stings you.
You are poisoned.
The scorpion poisons you!
You take 6 damage, and have 24/48 hp.
You are too injured to fight recklessly!
You feel very sick. The scorpion attacks as it pursues you!
The scorpion closely misses you.
There is an open door here.
You take 3 damage, and have 21/48 hp.
You feel sick.
The orc warrior attacks as it pursues you!
The orc warrior barely misses you.
Things that are here:
175 gold pieces; a +0 whip You take 2 damage, and have 19/48 hp.
You feel sick.
The orc warrior attacks as it pursues you!
The orc warrior hits you with a +0 flail!
* * * LOW HITPOINT WARNING * * *
You take 16 damage, and have 3/48 hp.
MASSIVE DAMAGE!!
You hit the orc warrior but do no damage.
The orc warrior is lightly wounded.
* * * LOW HITPOINT WARNING * * *
You feel sick.
The orc warrior hits you with a +0 flail!
You die... ∆......█............ █......█..........██ █..██..█..........██ █..██..█..........██ █......█.█.█████████ █......█.█. █..... ███s████... █.████ █o█ ██████

█.█ █h███....██
█.█
█.██......███.████
█.∆..█..█..██.....
█.█...██...∆..████
█.█...██...∆.█....
█▲█..█..█..███.███
██..)...██.█.█
██....██....█


██████████████ You could see an orc warrior and a scorpion.

Vanquished Creatures
  Sigmund (D:4)
  A black bear (D:5)
  3 scorpions
  Jessica (D:2)
  2 iguanas (D:5)
  An orc wizard (D:5)
  A mummy (D:4)
  3 gnolls (D:3)
  8 adders
  2 shadow imps (D:5)
  2 ufetubi (D:5)
  2 dart slugs
  3 ribbon worms
  4 orcs (D:5)
  6 endoplasms
  2 giant cockroaches
  4 goblins
  10 hobgoblins
  4 jackals (D:1)
  9 kobolds
  4 quokkas
  6 ball pythons
  6 bats
  3 frilled lizards
  A kobold zombie (D:4)
  3 orc zombies (D:4)
  5 rats
97 creatures vanquished.

Notes
Turn   | Place    | Note
-------+----------+-------------------------------------------
     0 | D:1      | Goblin1989 the Demonspawn Shapeshifter began the quest for
                  | the Orb.
     0 | D:1      | Reached XP level 1. HP: 15/15 MP: 1/1
    47 | D:1      | Reached skill level 3 in Unarmed Combat
    47 | D:1      | Gained mutation: Your demonic aura sometimes causes spilled
                  | blood to erupt in flames. [demonic ancestry]
    47 | D:1      | Reached XP level 2. HP: 8/21 MP: 2/2
   178 | D:1      | Found Agexef's Magic Scroll Shop.
   178 | D:1      | Found a faded altar of an unknown god.
   512 | D:1      | Prayed at the altar of an unknown god.
   512 | D:1      | Became a worshipper of Makhleb the Destroyer
   512 | D:1      | Reached * piety under Makhleb
   584 | D:1      | Gained mutation: Spells you cast may paralyse adjacent
                  | enemies. [demonic ancestry]
   584 | D:1      | Reached XP level 3. HP: 22/26 MP: 3/3
   977 | D:2      | Noticed Jessica
   983 | D:2      | Killed Jessica
  1077 | D:2      | Found a hazy altar of Hepliaklqana.
  1090 | D:2      | Reached XP level 4. HP: 32/32 MP: 4/4
  1540 | D:2      | Reached skill level 4 in Unarmed Combat
  1743 | D:2      | Reached ** piety under Makhleb
  1982 | D:3      | Reached XP level 5. HP: 31/37 MP: 5/5
  2508 | D:3      | Found a hazy altar of Hepliaklqana.
  2850 | D:4      | Noticed Sigmund
  2876 | D:4      | Killed Sigmund
  2877 | D:4      | Reached skill level 5 in Unarmed Combat
  2877 | D:4      | Reached XP level 6. HP: 34/43 MP: 6/6
  3041 | D:4      | Reached skill level 5 in Shapeshifting
  3350 | D:5      | Entered Level 5 of the Dungeon
  3370 | D:5      | Gained mutation: You have large cloven feet. [demonic
                  | ancestry]
  3370 | D:5      | Reached XP level 7. HP: 46/48 MP: 7/7
  3792 | D:5      | Found a radiant altar of Vehumet.
  3848 | D:5      | Reached skill level 6 in Unarmed Combat
  4259 | D:5      | HP: 2/48 [poisoned by a scorpion]
  4259 | D:5      | Demolished by an orc warrior

Illustrated notes

Levels and vault maps discovered:
D:1:      wheals_arrival_linesprint, layout_basic,
          hellmonk_ecumenical_altar_leap_of_faith, serial_shops,
          nicolae_shop_trees, minmay_gold_behind_fungi
D:2:      layout_rooms, basic_altar, grunt_ministairs_6,
          minmay_misc_feat_more_columns, uniq_jessica
D:3:      layout_basic, nzn_hepliaklqana_mist_gate
D:4:      layout_loops_ring, minmay_mini_ossuary, uniq_sigmund
D:5:      minmay_polygon_palace, layout_basic, amcnicky_altar_gilded,
          serial_demonic, serial_demonic_g, serial_demonic_f, serial_demonic_g,
          serial_demonic_e, serial_demonic_c

Skill      XL: |  1  2  3  4  5  6  7 |
---------------+----------------------+-----
Unarmed Combat | 3 4 5 6 |  6.1
Shapeshifting  | 3 4 5 |  5.6
Fighting       | |  1.0
Dodging        | |  1.7

Action                     |  1- 3 |  4- 6 |  7- 9 || total
---------------------------+-------+-------+-------++-------
  Melee: Unarmed           |    87 |   193 |    49 ||   329
         Punch             |     2 |     8 |       ||    10
         Kick              |       |       |    10 ||    10
    Use: Potion            |     1 |     2 |       ||     3
   Stab: Sleeping          |       |     1 |     2 ||     3
 Armour: Animal skin       |    49 |   119 |    36 ||   204
  Dodge: Dodged            |    52 |   109 |    25 ||   186

Table legend: (Time is in decaauts)
 A = Elapsed time spent in this place.
 B = Non-inter-level travel time spent in this place.
 C = Inter-level travel time spent in this place.
 D = Time resting spent in this place.
 E = Time spent auto-exploring this place.
 F = Levels seen in this place.
 G = Mean time per level.
                   A        B        C        D        E       F      G
               +--------+--------+--------+--------+--------+-----+--------+
         Total |   4232 |   4079 |    153 |    300 |   3097 |   5 |  846.4 |
       Dungeon |   4232 |   4079 |    153 |    300 |   3097 |   5 |  846.4 |
               +--------+--------+--------+--------+--------+-----+--------+

Top non-repeatable levels by time:
     D:1: 972 daAuts
     D:5: 903 daAuts
     D:2: 870 daAuts
     D:4: 760 daAuts
     D:3: 725 daAuts
